AoeStats
← Mezzanine00

Lombardia

508053143Analyzed
4v4 RM · 10d ago on Sep 20, 2026· 40m 45s· 8 players
Game mode
Random Map
Map size
Large (8 player)
Population
200
Speed
Normal
Resources
Standard
Victory
Conquest
Starting age
Dark Age
Ending age
Imperial Age
RankedLock teamsTeams togetherTeam positionsShared explorationLock speedFull tech treeHidden civsTurbo modeCheats
Victory
Defeat
🇦🇷 Britons · Argentina
1669
+11
🇵🇪 Mongols · Peru
1626
+13
🇨🇳 Persians · China
1512
+18
🇨🇴 Huns · Colombia
1501
+19
🇳🇱 Berbers · Netherlands
1593
-17
🇦🇹 Magyars · Austria
1590
-16
🇺🇸 Bohemians · United States
1529
-14
🇬🇧 Japanese · United Kingdom
1523
-14
boo
10:04 Feudal Age
14:35 Castle Age
12:58 Double-Bit Axe
15:44 Loom
17:24 Fervor
17:01 Horse Collar
28:07 Wheelbarrow
27:43 Bow Saw
31:27 Fletching
34:59 Imperial Age
34:31 Chemistry
35:15 Hand Cart
35:54 Forging
38:14 Cavalier
39:03 Wagenburg Tactics
40:36 Iron Casting
40:12 Bodkin Arrow
39:51 Pikeman
40:31 Squires
KingJulien
11:28 Feudal Age
15:14 Castle Age
13:47 Double-Bit Axe
15:47 Horse Collar
26:39 Scale Barding Armor
29:23 Loom
31:20 Light Cavalry
33:06 Bloodlines
33:38 Chain Barding Armor
36:38 Wheelbarrow
35:51 Town Watch
37:00 Husbandry
40:37 Imperial Age
38:23 Forging
40:32 Iron Casting
Rest in Pieces
9:05 Feudal Age
9:11 Loom
10:46 Double-Bit Axe
19:42 Castle Age
21:10 Fletching
21:21 Padded Archer Armor
22:14 Gold Mining
22:40 Bow Saw
23:28 Bodkin Arrow
28:03 Husbandry
29:54 Horse Collar
32:25 Wheelbarrow
31:35 Town Watch
41:03 Imperial Age
39:04 Leather Archer Armor
39:39 Gold Shaft Mining
39:27 Thumb Ring
40:45 Ballistics
40:33 Heavy Plow
Mezzanine00
enzoyin68
10:23 Feudal Age
15:03 Castle Age
13:03 Double-Bit Axe
13:22 Horse Collar
14:00 Scale Barding Armor
15:03 Bloodlines
15:51 Bow Saw
19:32 Wheelbarrow
19:37 Husbandry
19:41 Heavy Plow
20:43 Loom
21:36 Forging
22:16 Husbandry
23:59 Chain Barding Armor
23:41 Man-at-Arms
33:09 Hand Cart
34:58 Gold Mining
34:58 Stone Mining
36:19 Iron Casting
38:55 Imperial Age
38:39 Cavalier
41:02 Plate Barding Armor
41:28 Blast Furnace
41:30 Two-Man Saw
41:02 Crop Rotation
dialchacri
[SotC] Klovn
6:49 Loom
9:06 Feudal Age
9:49 Double-Bit Axe
13:39 Fletching
19:59 Castle Age
18:23 Padded Archer Armor
18:39 Gold Mining
19:12 Horse Collar
20:40 Bodkin Arrow
20:39 Crossbowman
22:04 Town Watch
22:53 Ballistics
25:00 Leather Archer Armor
35:50 Wheelbarrow
35:57 Gold Shaft Mining
35:34 Bow Saw
35:27 Heavy Plow
40:47 Imperial Age
39:16 Stone Mining
41:01 Forging
40:51 Scale Mail Armor
CopoDeNieve
7:59 Feudal Age
6:37 Loom
12:33 Horse Collar
17:47 Town Watch
21:13 Castle Age
19:18 Double-Bit Axe
22:25 Bow Saw
22:18 Heavy Plow
28:38 Wheelbarrow
30:51 Hand Cart
31:12 Gold Mining
34:30 Imperial Age
32:15 Fletching
33:06 Bodkin Arrow
33:12 Padded Archer Armor
33:30 Bloodlines
33:21 Husbandry
33:34 Husbandry
34:27 Stone Mining
35:12 Gold Shaft Mining
34:40 Elite Mangudai
35:41 Conscription
35:28 Bracer
36:47 Chemistry
36:08 Ballistics
35:37 Capped Ram
37:39 Drill
36:42 Siege Ram
39:22 Leather Archer Armor
39:14 Thumb Ring
39:35 Parthian Tactics
Connection lost

Rejoining the realm…

Still unreachable

The connection could not be restored.

Session expired

The server has moved on; the page needs a fresh start.